MLB
NEW YORK METS @ PHILADELPHIA PHILLIES
10/09/2098
 
TOP OF THE 1ST
New York Mets batting - Pitching for Philadelphia Phillies : RHP Eric Allard
Pitching: RHP Eric Allard
Batting: RHB Jose de la Rosa 0-0: Ground out 4-3 (Groundball, 4, EV 104.4 MPH)
Batting: RHB Jeff Hestermann 0-0: SINGLE (Line Drive, 56, EV 97.5 MPH)
Batting: RHB Marty Krpan 0-0: Called Strike
0-1: Ball
1-1: SINGLE (Line Drive, 8RS, EV 98.8 MPH)
Jeff Hestermann to second
Batting: SHB Curt Tolley 0-0: Called Strike
0-1: Called Strike
0-2: Ball
1-2: Ball
2-2: Strikes out swinging
Batting: RHB Ryan Taylor 0-0: Ball
1-0: Foul Ball, location: 2LF
1-1: Foul Ball, location: 2LF
1-2: Foul Ball, location: 2LF
1-2: Foul Ball, location: 5FF
1-2: Foul Ball, location: 2F
1-2: Fly out, F9 (Flyball, 9, EV 93.1 MPH)
Top of the 1st over - 0 runs, 2 hits, 0 errors, 2 left on base; New York 0 - Philadelphia 0
BOTTOM OF THE 1ST
Philadelphia Phillies batting - Pitching for New York Mets : RHP Dave Baldwin
Pitching: RHP Dave Baldwin
Batting: RHB Ryan Klepper 0-0: Ball
1-0: Foul Ball, location: 3FF
1-1: Ball
2-1: TRIPLE (Line Drive, 89XD, EV 107.5 MPH)
Batting: SHB Tim Spotton 0-0: Ball
1-0: Foul Ball, location: 5FF
1-1: Ground out 6-3 (Groundball, 6MS, EV 63.8 MPH)
Ryan Klepper scores
Batting: SHB Pete Ray 0-0: Swinging Strike
0-1: Ball
1-1: Foul Ball, location: 9LSF
1-2: Foul Ball, location: 5FF
1-2: Ball
2-2: SINGLE (Line Drive, 78S, EV 101.3 MPH)
Batting: RHB David Schafer 0-0: Called Strike
0-1: Ball
1-1: Fielders Choice at 2nd, 4-6 (Groundball, 34, EV 103.1 MPH)
Batting: RHB Vicente Vargas 0-0: Called Strike
0-1: Ball
1-1: Called Strike
1-2: Foul Ball, location: 9LSF
1-2: Foul Ball, location: 2F
1-2: Ground out 4-3 (Groundball, 34, EV 76.9 MPH)
Bottom of the 1st over - 1 run, 2 hits, 0 errors, 1 left on base; New York 0 - Philadelphia 1
TOP OF THE 2ND
New York Mets batting - Pitching for Philadelphia Phillies : RHP Eric Allard
Batting: LHB David Thomas 0-0: Ball
1-0: Ground out U3 (Groundball, 23, EV 84.4 MPH)
Batting: RHB Chris Sims 0-0: Called Strike
0-1: Ball
1-1: Ball
2-1: Swinging Strike
2-2: Strikes out swinging
Batting: LHB Bobby Ehrenreich 0-0: Swinging Strike
0-1: Ball
1-1: Foul Ball, location: 2LF
1-2: Strikes out swinging
Top of the 2nd over - 0 runs, 0 hits, 0 errors, 0 left on base; New York 0 - Philadelphia 1
BOTTOM OF THE 2ND
Philadelphia Phillies batting - Pitching for New York Mets : RHP Dave Baldwin
Batting: RHB Luis Esquivel 0-0: Ball
1-0: Fly out, F3 (Line Drive, 3L, EV 63.8 MPH)
Batting: RHB Jason Waid 0-0: Hit by Pitch
Batting: RHB Aaron Marler 0-0: Ball
1-0: Swinging Strike
1-1: Swinging Strike
1-2: Foul Ball, location: 7LSF
1-2: DOUBLE (Line Drive, 78M, EV 101.3 MPH)
Jason Waid to third
Runner from 3rd tries for Home, SAFE, throw by LF to trailing runner, OUT at third! 7-3-5
Batting: RHB Josh Hester 0-0: Ground out 1-3 (Groundball, 34S, EV 68.1 MPH)
Bottom of the 2nd over - 1 run, 1 hit, 0 errors, 0 left on base; New York 0 - Philadelphia 2
TOP OF THE 3RD
New York Mets batting - Pitching for Philadelphia Phillies : RHP Eric Allard
Batting: RHB Nate Morrison 0-0: Ball
1-0: Swinging Strike
1-1: Fly out, F4 (Popup, 4S, EV 76.3 MPH)
Batting: RHB Jose de la Rosa 0-0: Ball
1-0: Swinging Strike
1-1: Fly out, F9 (Flyball, 89M, EV 96.3 MPH)
Batting: RHB Jeff Hestermann 0-0: Ball
1-0: Called Strike
1-1: Ball
2-1: Fly out, F7 (Flyball, 7LSF, EV 95.0 MPH)
Top of the 3rd over - 0 runs, 0 hits, 0 errors, 0 left on base; New York 0 - Philadelphia 2
BOTTOM OF THE 3RD
Philadelphia Phillies batting - Pitching for New York Mets : RHP Dave Baldwin
Batting: RHB Ryan Klepper 0-0: Foul Ball, location: 2F
0-1: Swinging Strike
0-2: Ball
1-2: Fly out, F8 (Flyball, 8LD, EV 90.6 MPH)
Batting: SHB Tim Spotton 0-0: Ball
1-0: Ground out U3 (Groundball, 3, EV 80.0 MPH)
Batting: SHB Pete Ray 0-0: Ball
1-0: Ball
2-0: Ball
3-0: Base on Balls
Batting: RHB David Schafer 0-0: Called Strike
Pete Ray steals 2nd, throwing error, E2
Pete Ray to third
0-1: DOUBLE (Line Drive, 9LM, EV 101.9 MPH)
Pete Ray scores
Batting: RHB Vicente Vargas 0-0: Ball
1-0: SINGLE (Groundball, 5D, EV 96.9 MPH)
David Schafer to third
Runner from 3rd tries for Home, SAFE, throw by LF to home
Batting: RHB Luis Esquivel 0-0: Ball
1-0: Ball
2-0: Called Strike
2-1: Foul Ball, location: 23FF
2-2: Ground out 5-3 (Groundball, 56S, EV 89.4 MPH)
Bottom of the 3rd over - 2 runs, 2 hits, 1 error, 1 left on base; New York 0 - Philadelphia 4
TOP OF THE 4TH
New York Mets batting - Pitching for Philadelphia Phillies : RHP Eric Allard
Batting: RHB Marty Krpan 0-0: Ball
1-0: Ball
2-0: Called Strike
2-1: Swinging Strike
2-2: Ball
3-2: Foul Ball, location: 5SF
3-2: Base on Balls
Batting: SHB Curt Tolley 0-0: Ball
1-0: Swinging Strike
1-1: Ball
2-1: Grounds into double play, 4-6-3 (Groundball, 34D, EV 108.8 MPH)
Batting: RHB Ryan Taylor 0-0: Ball
1-0: Ball
2-0: Swinging Strike
2-1: Swinging Strike
2-2: Ball
3-2: Strikes out swinging
Top of the 4th over - 0 runs, 0 hits, 0 errors, 0 left on base; New York 0 - Philadelphia 4
BOTTOM OF THE 4TH
Philadelphia Phillies batting - Pitching for New York Mets : RHP Dave Baldwin
Batting: RHB Jason Waid 0-0: Ball
1-0: Foul Ball, location: 2F
1-1: SOLO HOME RUN (Line Drive, 8RXD, EV 114.4 MPH), Distance : 436 ft
Batting: RHB Aaron Marler 0-0: Ball
1-0: Fly out, F7 (Flyball, 7LD, EV 98.8 MPH)
Batting: RHB Josh Hester 0-0: Called Strike
0-1: SINGLE (Flyball, 8RS, EV 92.5 MPH)
Pitching: RHP Dan Herzog
Batting: RHB Ryan Klepper 0-0: Ball
1-0: Swinging Strike
1-1: Swinging Strike
1-2: Foul Ball, location: 2F
1-2: Foul Ball, location: 5F
1-2: Fielders Choice at 2nd, 6-4 (Groundball, 6, EV 105.6 MPH)
Batting: SHB Tim Spotton 0-0: Called Strike
0-1: Called Strike
0-2: Foul Ball, location: 7LMF
0-2: Ball
1-2: Ball
2-2: Fielders Choice at 2nd, 5-4 (Groundball, 56, EV 83.8 MPH)
Bottom of the 4th over - 1 run, 2 hits, 0 errors, 1 left on base; New York 0 - Philadelphia 5
TOP OF THE 5TH
New York Mets batting - Pitching for Philadelphia Phillies : RHP Eric Allard
Batting: LHB David Thomas 0-0: Called Strike
0-1: Called Strike
0-2: Ball
1-2: Ball
2-2: Fly out, F4 (Line Drive, 4, EV 73.8 MPH)
Batting: RHB Chris Sims 0-0: Foul Ball, location: 5FF
0-1: Ball
1-1: Ball
2-1: Swinging Strike
2-2: Ball
3-2: SOLO HOME RUN (Flyball, 9D, EV 94.4 MPH), Distance : 368 ft
Batting: LHB Bobby Ehrenreich 0-0: Fly out, F8 (Line Drive, 8LM, EV 96.9 MPH)
Batting: RHB Nate Morrison 0-0: Ball
1-0: Foul Ball, location: 3FF
1-1: Foul Ball, location: 3SF
1-2: Ball
2-2: Foul Ball, location: 9LSF
2-2: Ground out 6-3 (Groundball, 6, EV 88.1 MPH)
Top of the 5th over - 1 run, 1 hit, 0 errors, 0 left on base; New York 1 - Philadelphia 5
BOTTOM OF THE 5TH
Philadelphia Phillies batting - Pitching for New York Mets : RHP Dan Herzog
Batting: SHB Pete Ray 0-0: Ball
1-0: Foul Ball, location: 7LSF
1-1: Fly out, F5 (Flyball, 5D, EV 92.5 MPH)
Batting: RHB David Schafer 0-0: Called Strike
0-1: Ball
1-1: Foul Ball, location: 2F
1-2: Foul Ball, location: 2F
1-2: Strikes out swinging
Batting: RHB Vicente Vargas 0-0: Ball
1-0: Ball
2-0: Called Strike
2-1: Ball
3-1: Foul Ball, location: 9LSF
3-2: Foul Ball, location: 2F
3-2: Fly out, F9 (Flyball, 9S, EV 91.9 MPH)
Bottom of the 5th over - 0 runs, 0 hits, 0 errors, 0 left on base; New York 1 - Philadelphia 5
TOP OF THE 6TH
New York Mets batting - Pitching for Philadelphia Phillies : RHP Eric Allard
Batting: RHB Jose de la Rosa 0-0: Foul Ball, location: 2RF
0-1: Ball
1-1: Fly out, F7 (Flyball, 7S, EV 94.4 MPH)
Batting: RHB Jeff Hestermann 0-0: Called Strike
0-1: Swinging Strike
0-2: Ball
1-2: Foul Ball, location: 9LDF
1-2: Fly out, F5 (Line Drive, 5L, EV 70.6 MPH)
Batting: RHB Marty Krpan 0-0: Called Strike
0-1: Foul Ball, location: 2F
0-2: Foul Ball, location: 7LDF
0-2: Strikes out swinging
Top of the 6th over - 0 runs, 0 hits, 0 errors, 0 left on base; New York 1 - Philadelphia 5
BOTTOM OF THE 6TH
Philadelphia Phillies batting - Pitching for New York Mets : RHP Dan Herzog
Batting: RHB Luis Esquivel 0-0: Called Strike
0-1: Foul Ball, location: 3SF
0-2: Strikes out swinging
Batting: RHB Jason Waid 0-0: Foul Ball, location: 7LMF
0-1: Ball
1-1: Ball
2-1: Ground out 4-3 (Groundball, 4D, EV 98.8 MPH)
Batting: RHB Aaron Marler 0-0: Fly out, F8 (Flyball, 89M, EV 81.3 MPH)
Bottom of the 6th over - 0 runs, 0 hits, 0 errors, 0 left on base; New York 1 - Philadelphia 5
TOP OF THE 7TH
New York Mets batting - Pitching for Philadelphia Phillies : RHP Eric Allard
Pitching: RHP Jason Hunter
Batting: SHB Curt Tolley 0-0: Fly out, F8 (Flyball, 8LD, EV 100.0 MPH)
Batting: RHB Ryan Taylor 0-0: Ball
1-0: Called Strike
1-1: SOLO HOME RUN (Flyball, 7D, EV 95.6 MPH), Distance : 377 ft
Batting: LHB David Thomas 0-0: Called Strike
0-1: Ball
1-1: Foul Ball, location: 5F
1-2: Strikes out looking
Batting: RHB Chris Sims 0-0: Ball
1-0: Called Strike
1-1: Foul Ball, location: 9LDF
1-2: Strikes out swinging
Top of the 7th over - 1 run, 1 hit, 0 errors, 0 left on base; New York 2 - Philadelphia 5
BOTTOM OF THE 7TH
Philadelphia Phillies batting - Pitching for New York Mets : RHP Dan Herzog
Batting: RHB Josh Hester 0-0: Called Strike
0-1: Fly out, F8 (Line Drive, 8RM, EV 90.6 MPH)
Batting: RHB Ryan Klepper 0-0: Called Strike
0-1: Fly out, F8 (Flyball, 78D, EV 110.6 MPH)
Batting: SHB Tim Spotton 0-0: Ball
1-0: Ball
2-0: Called Strike
2-1: Ground out 4-3 (Groundball, 34D, EV 101.3 MPH)
Bottom of the 7th over - 0 runs, 0 hits, 0 errors, 0 left on base; New York 2 - Philadelphia 5
TOP OF THE 8TH
New York Mets batting - Pitching for Philadelphia Phillies : RHP Jason Hunter
Batting: LHB Bobby Ehrenreich 0-0: Ball
1-0: DOUBLE (Line Drive, 78D, EV 110.6 MPH)
Pinch Hitting: SHB Dave Noriega 0-0: Called Strike
0-1: Foul Ball, location: 7LSF
0-2: Strikes out looking
Batting: RHB Jose de la Rosa 0-0: Ball
1-0: Ball
2-0: Foul Ball, location: 9LMF
2-1: Foul Ball, location: 2F
2-2: Ball
3-2: Strikes out swinging
Batting: RHB Jeff Hestermann 0-0: Called Strike
0-1: 2-RUN HOME RUN (Flyball, 78XD, EV 102.5 MPH), Distance : 392 ft
Pitching: RHP Kyle O'Brien
Now at 2B: Jason Garza
Batting: RHB Marty Krpan 0-0: Foul Ball, location: 5F
0-1: Swinging Strike
0-2: Strikes out swinging
Top of the 8th over - 2 runs, 2 hits, 0 errors, 0 left on base; New York 4 - Philadelphia 5
BOTTOM OF THE 8TH
Philadelphia Phillies batting - Pitching for New York Mets : RHP Dan Herzog
Pitching: RHP Francisco Flores
Now at 3B: Erik Bazan
Batting: SHB Pete Ray 0-0: Foul Ball, location: 7LSF
0-1: Ball
1-1: Swinging Strike
1-2: TRIPLE (Flyball, 9D, EV 101.3 MPH)
Batting: RHB David Schafer 0-0: Intentional Walk
Batting: RHB Vicente Vargas 0-0: Called Strike
0-1: Swinging Strike
0-2: Foul Ball, location: 9LMF
0-2: Ball
1-2: Strikes out looking
Batting: RHB Luis Esquivel 0-0: Called Strike
0-1: Ball
1-1: Ball
2-1: Foul Ball, location: 9LMF
2-2: Fly out, F9 (Flyball, 89S, EV 86.9 MPH)
Batting: RHB Jason Waid 0-0: Called Strike
0-1: Ball
1-1: Called Strike
1-2: Foul Ball, location: 2RF
1-2: Fly out, F8 (Flyball, 8RD, EV 98.8 MPH)
Bottom of the 8th over - 0 runs, 1 hit, 0 errors, 2 left on base; New York 4 - Philadelphia 5
TOP OF THE 9TH
New York Mets batting - Pitching for Philadelphia Phillies : RHP Kyle O'Brien
Pitching: LHP Vince Booker
Now at 1B: John Zanin
Pinch Hitting: RHB Mike Sigal 0-0: Foul Ball, location: 9LDF
0-1: Ball
1-1: Ball
2-1: Foul Ball, location: 5FF
2-2: Foul Ball, location: 23F
2-2: Ball
3-2: Strikes out looking
Batting: RHB Ryan Taylor 0-0: Called Strike
0-1: Called Strike
0-2: Ball
1-2: SOLO HOME RUN (Flyball, 78XD, EV 100.6 MPH), Distance : 410 ft
Pinch Hitting: RHB Andy Young 0-0: Ball
1-0: Called Strike
1-1: Ball
2-1: Swinging Strike
2-2: Strikes out swinging
Batting: RHB Chris Sims 0-0: Foul Ball, location: 2F
0-1: Foul Ball, location: 3F
0-2: Foul Ball, location: 2F
0-2: Ball
1-2: Ball
2-2: Strikes out swinging
Top of the 9th over - 1 run, 1 hit, 0 errors, 0 left on base; New York 5 - Philadelphia 5
BOTTOM OF THE 9TH
Philadelphia Phillies batting - Pitching for New York Mets : RHP Francisco Flores
Now at 1B: Daniel Tellado
Now in LF: Mike Sigal
Now in RF: Marty Krpan
Batting: RHB Jason Garza 0-0: Ball
1-0: Foul Ball, location: 3SF
1-1: Swinging Strike
1-2: Strikes out swinging
Pinch Hitting: RHB Chad Larson 0-0: Ball
1-0: Ball
2-0: Ball
3-0: Base on Balls
Batting: RHB Ryan Klepper 0-0: Foul Ball, location: 7LMF
0-1: Foul Ball, location: 2F
0-2: Ball
1-2: Ball
2-2: DOUBLE (Flyball, 89D, EV 101.9 MPH)
Chad Larson to third
Runner from 3rd tries for Home, SAFE, throw by CF to trailing runner, SAFE at third!
Bottom of the 9th over - 1 run, 1 hit, 0 errors, 1 left on base; New York 5 - Philadelphia 6
Tuesday, April 16th , 2024 - OOTP Baseball 24.11 Build 85